 Dungeon Crawl Stone Soup version 0.26-a0-1086-g9010512d90 (webtiles) character file.

Game seed: 15612957718739502182

214 robertstho the Chiller (level 5, -3/38 HPs)
             Began as a Gnoll Ice Elementalist on Dec 14, 2020.
             Was an Initiate of Sif Muna.
             Killed by miscasting Hailstorm (8 damage)
             ... on level 4 of the Dungeon.
             The game lasted 00:06:20 (3593 turns).

robertstho the Chiller (Gnoll Ice Elementalist)     Turns: 3593, Time: 00:06:21

Health: -3/38      AC:  2    Str: 11    XL:     5   Next: 92%
Magic:  8/12       EV: 15    Int: 18    God:    Sif Muna [......]
Gold:   102        SH:  0    Dex: 15    Spells: 3/14 levels left

rFire    . . .     SeeInvis .   j - +0 glaive
rCold    . . .     Faith    .   (shield currently unavailable)
rNeg     . . .     Spirit   .   a - +0 robe
rPois    .         Reflect  .   (no helmet)
rElec    .         Harm     .   (no cloak)
rCorr    .         Rampage  .   (no gloves)
Will     .....                  (no boots)
Stlth    +++.......             (no amulet)
HPRegen  0.12/turn              (no ring)
MPRegen  0.13/turn              (no ring)

@: very slightly contaminated
A: distributed training, fangs 1, strong nose
a: Renounce Religion


You were on level 4 of the Dungeon.
You worshipped Sif Muna.
Sif Muna was noncommittal.
You visited 1 branch of the dungeon, and saw 4 of its levels.

You collected 102 gold pieces.

Inventory:

Hand Weapons
 c - a +0 spear
 j - a +0 glaive (weapon)
Missiles
 d - 28 sling bullets
 e - 12 poisoned darts
 f - 35 stones (quivered)
 g - 37 bolts
 k - 13 arrows
Armour
 a - a +0 robe (worn)
Jewellery
 b - an uncursed ring of protection from fire {unknown}
Scrolls
 i - 2 scrolls of remove curse


   Skills:
 + Level 1.7 Fighting
 + Level 1.7 Short Blades
 + Level 1.7 Long Blades
 + Level 1.7 Axes
 + Level 1.7 Maces & Flails
 + Level 1.7 Polearms
 + Level 1.7 Staves
 + Level 1.7 Slings
 + Level 1.7 Bows
 + Level 1.7 Crossbows
 + Level 1.7 Throwing
 + Level 1.7 Armour
 + Level 4.9 Dodging
 + Level 4.5 Stealth
 + Level 1.7 Shields
 + Level 1.7 Unarmed Combat
 + Level 5.2 Spellcasting
 + Level 1.3 Conjurations
 + Level 1.3 Hexes
 + Level 1.3 Summonings
 + Level 1.3 Necromancy
 + Level 1.3 Translocations
 + Level 1.3 Transmutations
 + Level 1.3 Fire Magic
 + Level 7.2 Ice Magic
 + Level 1.3 Air Magic
 + Level 1.3 Earth Magic
 + Level 1.3 Poison Magic
 + Level 1.9 Invocations
 + Level 1.7 Evocations


You had 3 spell levels left.
You knew the following spells:

 Your Spells              Type           Power        Failure   Level
a - Freeze                Ice            ####         1%          1
b - Frozen Ramparts       Ice            ####..       1%          3
c - Ozocubu's Armour      Ice            ####....     1%          3
d - Hailstorm             Conj/Ice       ###.....     22%         4

Your spell library contained the following spells:

 Spells                   Type           Power        Failure   Level
 Summon Ice Beast         Ice/Summ       ###.....     22%         4


Dungeon Overview and Level Annotations

Branches:
Dungeon (4/15)
 Temple: D:4-7

Altars:
Sif Muna

Annotations:
D:3 Grinder


Innate Abilities, Weirdness & Mutations

Your experience applies equally to all skills.
You have very sharp teeth.
Your uncanny sense of smell can sniff out nearby items.


Message History

Okay, then.
You don't have enough magic to cast that spell.
Throw: 36 stones
Press: ? - help, Q - select action, (/) - cycle Shift-Dir - straight line, f - phantom
Aim: a phantom (almost destroyed)
You throw a stone. The stone closely misses the phantom.
The frozen ramparts melt away.
Unknown command.
You can no longer call upon Sif Muna for magical energy.
The phantom blinks!
You see here a +0 scale mail.
Casting: Hailstorm (quite dangerous; 22% risk of failure)
Confirm with . or Enter, or press ? or * to list all spells.
The spell is quite dangerous to cast (22% risk of failure)!
Continue anyway?
Casting: Hailstorm (quite dangerous; 22% risk of failure)
Press: ? - help, Dir - look around You miscast Hailstorm.
You are very lightly contaminated with residual magic.
A chill runs through your body!
You die...

........# ........#
.......## ... .. .......#
... #. #######...#.# ....
#. #.........#.# ###
.....#. #.#...#...#.###..
....#.####.#...#.........#
.$.....W)@.....+....>....#
#...#..)####...#.........#
# #()..........#.#####.#
#...##............##.#
....###............##.#
#..... .............##.#
#..................###.#
#..................#
#...... ..........# #


You could see a phantom.

Vanquished Creatures
  A hound (D:2)
  2 orc wizards
  Terence (D:3)
  An adder (D:2)
  An ooze (D:1)
  2 worms (D:2)
  2 dart slugs
  2 leopard geckos (D:1)
  9 orcs
  3 giant cockroaches
  7 goblins
  9 hobgoblins
  2 quokkas (D:2)
  A ball python (D:1)
  8 bats
  4 frilled lizards
  6 kobolds
  8 rats
69 creatures vanquished.

Notes
Turn   | Place    | Note
-------+----------+-------------------------------------------
     0 | D:1      | robertstho the Gnoll Ice Elementalist began the quest for
                  | the Orb.
     0 | D:1      | Reached XP level 1. HP: 13/13 MP: 6/6
   451 | D:1      | Reached XP level 2. HP: 17/19 MP: 7/7
   729 | D:1      | Reached XP level 3. HP: 25/25 MP: 9/9
   797 | D:1      | Reached skill level 5 in Spellcasting
  1644 | D:2      | Reached skill level 1 in Invocations
  1802 | D:2      | Found a shimmering blue altar of Sif Muna.
  1827 | D:2      | Became a worshipper of Sif Muna the Loreminder
  1944 | D:2      | Reached skill level 1 in Fighting
  1944 | D:2      | Reached skill level 1 in Short Blades
  1944 | D:2      | Reached skill level 1 in Long Blades
  1944 | D:2      | Reached skill level 1 in Axes
  1944 | D:2      | Reached skill level 1 in Maces & Flails
  1944 | D:2      | Reached skill level 1 in Polearms
  1944 | D:2      | Reached skill level 1 in Staves
  1944 | D:2      | Reached skill level 1 in Slings
  1944 | D:2      | Reached skill level 1 in Bows
  1944 | D:2      | Reached skill level 1 in Crossbows
  1944 | D:2      | Reached skill level 1 in Throwing
  1944 | D:2      | Reached skill level 1 in Armour
  1944 | D:2      | Reached skill level 1 in Shields
  1944 | D:2      | Reached skill level 1 in Unarmed Combat
  1944 | D:2      | Reached skill level 1 in Evocations
  1944 | D:2      | Reached XP level 4. HP: 6/32 MP: 7/11
  2202 | D:2      | Learned a level 3 spell: Frozen Ramparts
  2206 | D:2      | Learned a level 3 spell: Ozocubu's Armour
  2211 | D:2      | Learned a level 4 spell: Hailstorm
  2241 | D:2      | Reached skill level 1 in Conjurations
  2241 | D:2      | Reached skill level 1 in Hexes
  2241 | D:2      | Reached skill level 1 in Summonings
  2241 | D:2      | Reached skill level 1 in Necromancy
  2241 | D:2      | Reached skill level 1 in Translocations
  2241 | D:2      | Reached skill level 1 in Transmutations
  2241 | D:2      | Reached skill level 1 in Fire Magic
  2241 | D:2      | Reached skill level 1 in Air Magic
  2241 | D:2      | Reached skill level 1 in Earth Magic
  2241 | D:2      | Reached skill level 1 in Poison Magic
  2531 | D:2      | Reached XP level 5. HP: 25/37 MP: 8/12
  2906 | D:2      | You fall into a shaft and drop 1 floor!
  2940 | D:3      | Noticed Grinder
  3401 | D:3      | Noticed Terence
  3417 | D:3      | Killed Terence
  3468 | D:3      | Paralysed by Grinder for 7 turns
  3528 | D:4      | Noticed a phantom
  3581 | D:4      | Reached * piety under Sif Muna
  3593 | D:4      | Killed by miscasting Hailstorm

Illustrated notes

Levels and vault maps discovered:
D:1:      evilmike_arrival_hilbert_curve, layout_basic,
          minmay_misc_feat_diagonals, chequers_serial_rivers_micro_e,
          minmay_close_crescents
D:2:      layout_loops_ring, minmay_statues_item, led_sif_pool
D:3:      layout_basic, uniq_terence, uniq_robin, uniq_grinder
D:4:      layout_basic, lightli_corner_chamber

Skill      XL: |  1  2  3  4 |
---------------+-------------+-----
Spellcasting   | 5 |  5.2
Invocations    | 1 |  1.9
Fighting       | 1 |  1.7
Short Blades   | 1 |  1.7
Long Blades    | 1 |  1.7
Axes           | 1 |  1.7
Maces & Flails | 1 |  1.7
Polearms       | 1 |  1.7
Staves         | 1 |  1.7
Slings         | 1 |  1.7
Bows           | 1 |  1.7
Crossbows      | 1 |  1.7
Throwing       | 1 |  1.7
Armour         | 1 |  1.7
Shields        | 1 |  1.7
Unarmed Combat | 1 |  1.7
Evocations     | 1 |  1.7
Conjurations   | 1 |  1.3
Hexes          | 1 |  1.3
Summonings     | 1 |  1.3
Necromancy     | 1 |  1.3
Translocations | 1 |  1.3
Transmutations | 1 |  1.3
Fire Magic     | 1 |  1.3
Air Magic      | 1 |  1.3
Earth Magic    | 1 |  1.3
Poison Magic   | 1 |  1.3
Dodging        | |  4.9
Stealth        | |  4.5
Ice Magic      | |  7.2

Action                   |  1- 3 |  4- 6 || total
-------------------------+-------+-------++-------
Melee: Spear             |   108 |    53 ||   161
       Unarmed           |     7 |       ||     7
       Bite              |    10 |     8 ||    18
       Glaive            |       |    27 ||    27
Throw: Stone             |       |     1 ||     1
 Cast: Freeze            |    10 |     2 ||    12
       Frozen Ramparts   |       |    10 ||    10
       Hailstorm         |       |     4 ||     4
Invok: Channel Magic     |       |     1 ||     1
  Use: Scroll            |       |     3 ||     3
       Potion            |       |     2 ||     2
 Stab: Sleeping          |    10 |     4 ||    14
Armor: Robe              |    17 |    10 ||    27
Dodge: Dodged            |    87 |    57 ||   144

Table legend: (Time is in decaauts)
 A = Elapsed time spent in this place.
 B = Non-inter-level travel time spent in this place.
 C = Inter-level travel time spent in this place.
 D = Time resting spent in this place.
 E = Time spent auto-exploring this place.
 F = Levels seen in this place.
 G = Mean time per level.
                   A        B        C        D        E       F      G
               +--------+--------+--------+--------+--------+-----+--------+
         Total |   3621 |   3565 |     56 |    446 |   2503 |   4 |  905.2 |
       Dungeon |   3621 |   3565 |     56 |    446 |   2503 |   4 |  905.2 |
               +--------+--------+--------+--------+--------+-----+--------+

Top non-repeatable levels by time:
     D:1: 1614 daAuts
     D:2: 1519 daAuts
     D:3: 361 daAuts
     D:4: 126 daAuts
